 Dungeon Crawl Stone Soup version 0.22-a0-278-g8f80174 (webtiles) character file.

23 tidbits the Insei (level 3, 13/28 HPs)
             Began as a Gnoll Transmuter on Mar 15, 2018.
             Quit the game on level 3 of the Dungeon.
             The game lasted 00:02:14 (290 turns).

tidbits the Insei (Gnoll Transmuter)                 Turns: 290, Time: 00:02:15

Health: 13/28      AC:  2    Str: 12    XL:     3   Next: 0%
Magic:  1/9        EV: 14    Int: 16    God:
Gold:   8          SH:  0    Dex: 15    Spells: 5/11 levels left

rFire    . . .     SeeInvis .     - Unarmed
rCold    . . .     Gourm    .   (no shield)
rNeg     . . .     Faith    .   b - +0 robe
rPois    .         Spirit   .   (no helmet)
rElec    .         Reflect  .   (no cloak)
rCorr    .         Harm     .   (no gloves)
MR       .....     Rnd*Tele +   (boots currently unavailable)
Stlth    ++........             (no amulet)
HPRegen  0.09/turn              g - ring of teleportation (curse)
MPRegen  0.11/turn              (no ring)

@: quite poisoned (13 -> 7), appendage, very slightly contaminated
A: distributed training, fangs 1, talons 3, strong nose
a: End Transformation


You were on level 3 of the Dungeon.
You were not hungry.
You had grown temporary talons.
You visited 1 branch of the dungeon, and saw 3 of its levels.

You collected 8 gold pieces.

Inventory:

Hand Weapons
 c - a +0 short sword
Missiles
 a - 11 arrows
 e - 26 stones (quivered)
Armour
 b - a +0 robe (worn)
Jewellery
 g - a cursed ring of teleportation (left hand)
   (You found it on level 1 of the Dungeon)
Scrolls
 f - a scroll of amnesia {unknown}
Potions
 i - a potion of degeneration {unknown}
Comestibles
 d - a ration


   Skills:
 + Level 2.5 Fighting
 + Level 0.5 Short Blades
 + Level 0.5 Long Blades
 + Level 0.5 Axes
 + Level 0.5 Maces & Flails
 + Level 0.5 Polearms
 + Level 0.5 Staves
 + Level 0.5 Slings
 + Level 0.5 Bows
 + Level 0.5 Crossbows
 + Level 0.5 Throwing
 + Level 0.5 Armour
 + Level 4.5 Dodging
 + Level 0.5 Stealth
 + Level 0.5 Shields
 + Level 6.5 Unarmed Combat
 + Level 4.9 Spellcasting
 + Level 0.4 Conjurations
 + Level 0.4 Hexes
 + Level 0.4 Charms
 + Level 0.4 Summonings
 + Level 0.4 Necromancy
 + Level 0.4 Translocations
 + Level 3.7 Transmutations
 + Level 0.4 Fire Magic
 + Level 0.4 Ice Magic
 + Level 0.4 Air Magic
 + Level 0.4 Earth Magic
 + Level 0.4 Poison Magic
 + Level 0.7 Invocations
 + Level 0.5 Evocations


You had 5 spell levels left.
You knew the following spells:

 Your Spells              Type           Power        Failure   Level  Hunger
e - Beastly Appendage     Tmut           ###...       3%          1    None
k - Sticks to Snakes      Tmut           ###.....     4%          2    ##.....
p - Spider Form           Tmut/Pois      ##........   19%         3    ###....


Dungeon Overview and Level Annotations

Branches:
Dungeon (3/15)

Altars:
Dithmenos


Innate Abilities, Weirdness & Mutations

Your experience applies equally to all skills.
You have very sharp teeth.
Your uncanny sense of smell can sniff out nearby items.
You have claws for feet.


Message History

Your horns disappear.
Found 3 gold pieces.
An adder comes into view.
The adder hisses angrily.
Found a stone staircase leading down.
Casting: Beastly Appendage (safe; 3% risk of failure)
Confirm with . or Enter, or press ? or * to list all spells.
You grow a pair of large bovine horns.
A jackal comes into view.
You barely miss the adder. The adder bites you. x2
You are poisoned.
The adder poisons you!
You hit the adder.
The adder is lightly wounded.
You feel sick. The adder closely misses you.
You barely miss the adder.
The adder is lightly wounded.
Your transformation is almost over.
The adder misses you.
You see here 3 gold pieces.
Casting: Beastly Appendage (safe; 3% risk of failure)
Confirm with . or Enter, or press ? or * to list all spells.
You create a snake!
You now have 11 arrows.
You feel sick. The adder bites you. The adder completely misses you.
You punch the adder!
The adder is almost dead.
The adder bites you.
* * * LOW HITPOINT WARNING * * *
You are more poisoned.
The adder poisons you!
Your ball python closely misses the adder.
Your ball python misses the adder.
You closely miss the adder. Your headbutt misses the adder.
The adder is almost dead.
* * * LOW HITPOINT WARNING * * *
You feel sick. The adder closely misses you.
Your ball python barely misses the adder.
Your ball python grabs the adder.
Your ball python constricts the adder.
The adder dies!
The jackal misses you.
You see here an adder corpse.
* * * LOW HITPOINT WARNING * * *
You feel sick. The jackal misses you.
You see here 3 gold pieces.
You barely miss the jackal.
* * * LOW HITPOINT WARNING * * *
You feel sick.
Your ball python misses the jackal.
Your ball python grabs the jackal.
Your ball python constricts the jackal.
The jackal completely misses you.
A jackal comes into view.
It was a potion of curing.
You feel better.
Your horns disappear.
Your ball python barely misses the jackal.
Your ball python constricts the jackal.
The jackal bites you.
* * * LOW HITPOINT WARNING * * *
Your ball python bites the jackal.
Your ball python constricts the jackal.
You punch the jackal!
You kill the jackal!
You punch the jackal!
You kill the jackal!
You have reached level 3!
Your experience leads to an increase in your attributes!
Increase (S)trength, (I)ntelligence, or (D)exterity?
You feel clever.
Memorise Spider Form, consuming 3 spell levels and leaving 5?
You start memorising the spell.
You continue memorising. x3
You finish memorising.
Spell assigned to 'p'.
Things that are here:
a jackal corpse x2; an adder corpse A hobgoblin comes into view.
The hobgoblin moves out of view.
Found a robe.
A jackal comes into view.
The jackal moves out of view.
Casting: Sticks to Snakes (safe; 4% risk of failure)
Confirm with . or Enter, or press ? or * to list all spells.
You miscast Spider Form.
You are very lightly contaminated with residual magic.
Your hands glow momentarily.
Casting: Spider Form (safe; 19% risk of failure)
Confirm with . or Enter, or press ? or * to list all spells.
You miscast Spider Form.
You feel faint for a moment.
Casting: Spider Form (safe; 19% risk of failure)
Confirm with . or Enter, or press ? or * to list all spells.
Your feet morph into talons.
There is a stone staircase leading down here.
You climb downwards.
Your summoned ally is left behind.
A leopard gecko, a bat and an adder come into view.
You are suddenly yanked towards some nearby monsters!
Your surroundings seem slightly different.
The adder hisses angrily.
The bat barely misses you.
The leopard gecko hisses menacingly.
The adder bites you.
* * * LOW HITPOINT WARNING * * *
You are poisoned.
The adder poisons you!
Unknown command.
Are you sure you want to abandon this character and quit the game? (Confirm with "yes".)

..# #(........
## ...#
.....#..#
..###.... ∆
...#.#.# #.#.#.#
###.l.#.###
#...§.....###
#.....Sb....###
#......@.......
...........#....
###.........# .
#.........#
#.........#
###########


You could see an adder, a leopard gecko and a bat.

Vanquished Creatures
  2 bats
  A giant cockroach (D:2)
  A goblin (D:1)
  2 hobgoblins
  2 jackals (D:2)
  A kobold (D:1)
  2 frilled lizards
  A rat (D:1)
12 creatures vanquished.

Vanquished Creatures (collateral kills)
  An adder (D:2)
1 creature vanquished.

Grand Total: 13 creatures vanquished

Notes
Turn   | Place    | Note
-------+----------+-------------------------------------------
     0 | D:1      | tidbits the Gnoll Transmuter began the quest for the Orb.
     0 | D:1      | Reached XP level 1. HP: 17/17 MP: 6/6
   103 | D:1      | Reached XP level 2. HP: 23/23 MP: 5/7
   107 | D:1      | Learned a level 2 spell: Sticks to Snakes
   212 | D:2      | Found a shadowy altar of Dithmenos.
   276 | D:2      | Reached XP level 3. HP: 14/28 MP: 6/9
   281 | D:2      | Learned a level 3 spell: Spider Form
   290 | D:3      | Quit the game

Vault maps used:
D:1:      onia_arrival_mini_maze_b
D:2:      minmay_wonky_spiral, nicolae_dithmenos_through_a_glass_darkly,
          grunt_temple_overflow_holy_war

Action                   || total
-------------------------++-------
Melee: Unarmed           ||    26
       Headbutt          ||     4
       Kick              ||     1
 Cast: Beastly Appendage ||    10
       Sticks to Snakes  ||     1
  Use: Potion            ||     1
 Stab: Sleeping          ||     1
Armor: Robe              ||     1
Dodge: Dodged            ||    21

Table legend:
 A = Spawn XP
 B = Non-spawn XP
 C = Spawn XP percentage of total XP
 D = Spawn monster count
 E = Non-spawn monster count
 F = Spawn count percentage of total count
 G = Total turns spent on level
                    A         B        C        D         E        F      G
               +---------+---------+-------+---------+---------+-------+---------
         Total |       0 |      34 |   0.0 |       0 |      13 |   0.0 |   290
               +---------+---------+-------+---------+---------+-------+---------
           D:1 |       0 |      10 |   0.0 |       0 |       6 |   0.0 |   137
           D:2 |       0 |      24 |   0.0 |       0 |       7 |   0.0 |   147
               +---------+---------+-------+---------+---------+-------+---------

Table legend:
 A = Turns spent in this place as a percentage of turns spent in the entire game.
 B = Non-inter-level travel turns spent in this place as a percentage of non-inter-level travel turns spent in the entire game.
 C = Inter-level travel turns spent in this place as a percentage of turns spent in this place.
 D = Turns resting spent in this place as a percentage of non-inter-level travel turns spent in this place.
 E = Turns spent auto-exploring this place as a percentage of non-inter-level travel turns spent in this place.
 F = Non-inter-level travel turns spent in this place divided by the number of levels of this place that you've seen.
                   A       B       C       D       E      F
               +-------+-------+-------+-------+-------+----------------------
         Total | 100.0 | 100.0 |   0.0 |   0.0 |   0.0 |  96.7
       Dungeon | 100.0 | 100.0 |   0.0 |   0.0 |   0.0 |  96.7
               +-------+-------+-------+-------+-------+----------------------

Table legend:
 A = Kills in this place as a percentage of kills in entire the game.
 B = Kills by you in this place as a percentage of kills by you in the entire game.
 C = Kills by friends in this place as a percentage of kills by friends in the entire game.
 D = Other kills in this place as a percentage of other kills in the entire game.
 E = Experience gained in this place as a percentage of experience gained in the entire game.
 F = Experience gained in this place divided by the number of levels of this place that you have seen.
                   A       B       C       D       E      F
               +-------+-------+-------+-------+-------+----------------------
         Total | 100.0 | 100.0 | 100.0 |   N/A | 100.0 |  11.3
       Dungeon | 100.0 | 100.0 | 100.0 |   N/A | 100.0 |  11.3
               +-------+-------+-------+-------+-------+----------------------

Vault maps used:
D:1:      onia_arrival_mini_maze_b
D:2:      minmay_wonky_spiral, nicolae_dithmenos_through_a_glass_darkly,
          grunt_temple_overflow_holy_war
